Nobbs, neutral male human Tourist ----- ------- ----- ----------- ....| |.....-######.>*.| |.........| |[...# |.....| |...| #-.......... |.|.|# .....%| |....# #|....<....| -.---# |.....| -----# #-.--------- ## # --.---- # ############### # # ## # # # ### # # # # ### ### ### # # ### # # #-------- ------- # -+-----.--------#### ###### #|...?&%| |...... # |..............| # -----------.---- #|.!)?..| |......|# |..............| ### |..............| #|./.)d.| |.....%-# |..............| # |..............| #|.*!.m@| |......| |..............| ##-........*.....| #-m@[!.%| ------- ---------------- |..............| |.!!!!.| ---------------- -------- Nobbs the Sightseer Experience level: 3 Strength: 11 Dexterity: 10 Constitution: 16 Intelligence: 13 Wisdom: 7 Charisma: 18 Health: 19(19) Energy: 8(8) Def: 7 Gold: 1460 Moves: 3165 Dungeon seed: OqPqwYNvl5TgTvA5 Game ID: Nobbs_1510424083 Your Inventory: Coins $ - 1460 gold pieces Wands A - a wand of cancellation (0:3) Amulets J - an uncursed amulet of magical breathing (being worn) Weapons a - 14 +2 darts (in quiver) p - a +1 orcish dagger r - 15 cursed -1 darts s - a poisoned +1 dart E - a corroded +2 dart Armor e - an uncursed +0 Hawaiian shirt (being worn) n - a blessed +1 chain mail (being worn) q - an uncursed +0 orcish helm (being worn) y - an uncursed +0 dwarvish cloak (being worn) Comestibles b - an uncursed fortune cookie c - 4 uncursed tripe rations d - an uncursed egg f - an uncursed tin of newt meat g - an uncursed food ration h - 2 uncursed cream pies o - an uncursed egg Scrolls j - 4 uncursed scrolls of magic mapping m - an uncursed scroll of enchant weapon w - a cursed scroll of magic mapping x - an uncursed scroll of remove curse B - a cursed scroll of teleportation C - a cursed scroll of identify G - an uncursed scroll of identify M - a cursed scroll of enchant weapon Potions i - 2 uncursed potions of extra healing t - an uncursed potion of gain ability v - an uncursed potion of water z - a cursed potion of healing K - an uncursed potion of monster detection L - an uncursed potion of gain energy Tools k - an expensive camera (0:76) l - an uncursed credit card D - a cursed bag of holding H - a cursed oil lamp (0:1155) (weapon in hand) Contents of the bag of holding: a blessed scroll of light 4 uncursed scrolls of magic mapping a blessed potion of extra healing an uncursed potion of extra healing Spells and supernatural/magical abilities: Name Level Category Fail Memory W - pray for help -- divine ? -- Your skills at the end: Fighting Skills Weapon Skills dart [Basic] Spellcasting Skills Final Attributes: You were piously aligned. You could survive without air. You survived. Vanquished creatures: a small mimic 2 rock piercers 2 giant ants a floating eye a dwarf a rothe a giant bat an orc zombie a werejackal an iguana an acid blob a hobbit 5 cave spiders a yellow mold a green mold a gnome zombie 4 geckos 10 jackals a kobold 3 goblins 2 sewer rats 3 grid bugs a lichen 2 kobold zombies 5 newts 53 creatures vanquished. Voluntary challenges: You followed a strict vegan diet. You had been an atheist until turn 2047. You used a wielded weapon 1 time, starting on turn 644. You read items or engraved 297 times, starting on turn 1052. You never genocided any monsters. You never polymorphed an object. You changed form 1 time, starting on turn 2033. You used no wishes. You never split a pudding. You wrote Elbereth's name 290 times, starting on turn 1052. You never violated your personal moral code. Dungeon overview: The Dungeons of Doom: levels 1 to 7 Level 1 a sink a long staircase Level 2 Level 3 stairs to The Gnomish Mines Level 4 a potion shop, a fountain Level 5 a fountain Level 6 a general store, a fountain Level 7 <- You were here a general store The Gnomish Mines: Level 4 stairs to The Dungeons of Doom History has recorded: On T:1 you entered the Dungeons of Doom to retrieve the Amulet of Yendor! On T:249 you reached level 2 of The Dungeons of Doom. On T:290 you reached level 3 of The Dungeons of Doom. On T:718 you reached level 1 of The Gnomish Mines. On T:848 you reached level 4 of The Dungeons of Doom. On T:1531 you advanced to experience level 2. On T:1562 you reached level 5 of The Dungeons of Doom. On T:2109 you reached level 6 of The Dungeons of Doom. On T:2200 you advanced to experience level 3. On T:2675 you reached level 7 of The Dungeons of Doom. Score breakdown: Gold: 1343 (10641 points) Experience: 3 levels ( 7878 points) Exploration: 7 levels ( 14.58%) (10718 points) Discoveries: 5 items ( 1.68%) ( 3885 points) Valuables value: (no points given unless you survive) Artifact value: 0 ( 0 points) Variety of kills: 25 monsters ( 6.56%) ( 7684 points) Turncount: 3165 turns ( -679 points) Survival: quit (score multiplied by 90%) Total score: 36114 Latest messages: Fuffy drops a ring mail. You add to the writing in the dust with your fingers. (5x) Fuffy picks up a ring mail. Fuffy drops a ring mail. You add to the writing in the dust with your fingers. (4x) Fuffy picks up a food ration. You hear the footsteps of a guard on patrol. You add to the writing in the dust with your fingers. (4x) H - a magic lamp. You are now wielding your magic lamp. In a cloud of smoke, a djinni emerges! The djinni speaks. "You disturbed me, fool!" The djinni turns to flee! Fuffy drops a food ration. You add to the writing in the dust with your fingers. (8x) The djinni turns to flee! Fuffy picks up a ring mail. You add to the writing in the dust with your fingers. (3x) Upernavik gratefully inherits all your possessions. Final status: Aloha Nobbs the Tourist, quit... You quit in The Dungeons of Doom on dungeon level 7 with 36114 points, and 1460 pieces of gold, after 3165 moves. You were level 3 with a maximum of 19 hit points when you quit.